 Dungeon Crawl Stone Soup version 0.23.2-1-ga50397a6bc (webtiles) character file.

Game seed: 6039480883950774009

82 Mrkan the Covered (level 4, -3/29 HPs)
             Began as a Gargoyle Fighter on May 18, 2019.
             Slain by a gnoll
             ... wielding a +0 halberd
              (8 damage)
             ... on level 2 of the Dungeon.
             The game lasted 00:02:18 (1050 turns).

Mrkan the Covered (Gargoyle Fighter)                Turns: 1050, Time: 00:02:18

Health: -3/29      AC: 15    Str: 19    XL:     4   Next: 43%
Magic:  4/4        EV:  3    Int: 10    God:
Gold:   14         SH:  9    Dex:  9    Spells: 3/3 levels left

rFire    . . .     SeeInvis .   a - +0 flail
rCold    . . .     Gourm    .   c - +0 shield
rNeg     + . .     Faith    .   h - +0 plate armour
rPois    ∞         Spirit   .   (no helmet)
rElec    +         Reflect  .   (no cloak)
rCorr    .         Harm     .   (no gloves)
MR       .....                  (no boots)
Stlth    ..........             (no amulet)
HPRegen  0.09/turn              (no ring)
MPRegen  0.09/turn              (no ring)

@: no status effects
A: negative energy resistance 1, electricity resistance, unbreathing,
petrification resistance, rot immunity, AC +3
a: no special abilities


You were on level 2 of the Dungeon.
You were very hungry.

You visited 1 branch of the dungeon, and saw 2 of its levels.

You collected 14 gold pieces.

Inventory:

Hand Weapons
 a - a +0 flail (weapon)
Armour
 b - a +0 scale mail
 c - a +0 shield (worn)
 h - a +0 plate armour (worn)
Scrolls
 e - a scroll of remove curse {unknown}
 g - a scroll of enchant armour {unknown}
 k - a scroll of identify {unknown}
 l - a scroll of fear {unknown}
 m - a scroll of fog {unknown}
 n - a scroll of enchant weapon {unknown}
 o - 2 scrolls of teleportation {unknown}
Potions
 d - a potion of might
 i - 2 potions of mutation {unknown}
 j - 2 potions of brilliance {unknown}
Comestibles
 f - 2 rations


   Skills:
 + Level 3.8 Fighting
 * Level 3.2 Maces & Flails
 + Level 3.9 Armour
 + Level 3.8 Shields


You had 3 spell levels left.
You didn't know any spells.
Your spell library contained the following spells:

 Spells                   Type           Power        Failure   Level  Hunger
 Confusing Touch          Hex            #.....       100%        1    ##.....
 Confuse                  Hex            #.......     100%        3    ####...
 Gell's Gravitas          Tloc           #.........   100%        3    ####...
 Petrify                  Tmut/Erth      #.......     100%        4    #####..
 Metabolic Englaciation   Hex/Ice        #.........   100%        5    ######.
 Yara's Violent Unravell  Hex/Tmut       #.........   100%        5    ######.


Dungeon Overview and Level Annotations

Branches:
Dungeon (2/15)

Altars:


Innate Abilities, Weirdness & Mutations

You are resistant to torment.
Your stone body is resilient. (AC +3)
You are immune to poison.
You resist negative energy. (rN+)
You are resistant to electric shocks. (rElec)
You can survive without breathing.
You are immune to petrification.
You are immune to rotting.


Message History

The giant cockroach bites you but does no damage.
You miss the leopard gecko.
You are feeling very hungry.
The giant cockroach barely misses you. You block the frilled lizard's attack.
You block the giant cockroach's attack.
The leopard gecko bites you but does no damage.
The gnoll hits you from afar with a +0 halberd!
You closely miss the leopard gecko. You block the giant cockroach's attack.
The giant cockroach bites you but does no damage.
The leopard gecko bites you but does no damage.
The frilled lizard barely misses you.
The gnoll hits you from afar with a +0 halberd!
* * * LOW HITPOINT WARNING * * *
The giant cockroach bites you but does no damage. x2
The leopard gecko bites you but does no damage.
The frilled lizard bites you.
* * * LOW HITPOINT WARNING * * *
You closely miss the leopard gecko. You block the giant cockroach's attack.
The gnoll hits you from afar with a +0 halberd!
You die...

#####.#..........†....##.#.#
#.<.......####..#....#.#
###....#### ##.#.......
#..#..#######.........
##..#..................
##.†##..##.#.##.###.####
###.......##†#.##.###.#
###.†<.####.##.†ssg......
.....#.# #.##.#@#.##.##
###.#..####....#ll......
............##.#.#.#.##.
.####.#####.##...#..... ##
#.# #.#.. .$.#s #####.#
..#.# ).... ......# #....
..#. ......# #.#.# #.#
.......


You could see a gnoll, a leopard gecko, 2 giant cockroaches and a frilled
lizard.

Vanquished Creatures
  An adder (D:2)
  2 oozes (D:1)
  3 worms (D:2)
  2 dart slugs
  2 leopard geckos (D:1)
  A giant cockroach (D:1)
  5 goblins (D:1)
  11 hobgoblins
  6 jackals (D:1)
  4 bats (D:1)
  3 frilled lizards
  2 kobolds (D:1)
  7 rats
49 creatures vanquished.

Notes
Turn   | Place    | Note
-------+----------+-------------------------------------------
     0 | D:1      | Mrkan the Gargoyle Fighter began the quest for the Orb.
     0 | D:1      | Reached XP level 1. HP: 14/14 MP: 1/1
    66 | D:1      | Reached XP level 2. HP: 6/19 MP: 2/2
   150 | D:1      | Reached XP level 3. HP: 14/23 MP: 3/3
   882 | D:2      | Reached XP level 4. HP: 29/29 MP: 4/4
  1050 | D:2      | Slain by a gnoll

Skill      XL: |  1  2  3 |
---------------+----------+-----
Maces & Flails | 3 |  3.2
Fighting       | |  3.8
Armour         | |  3.9
Shields        | |  3.8

Action                   |  1- 3 |  4- 6 || total
-------------------------+-------+-------++-------
Melee: Flail             |   160 |    39 ||   199
Armor: Scale mail        |    23 |       ||    23
       Plate armour      |    68 |    38 ||   106
Dodge: Dodged            |    22 |     6 ||    28
Block: Shield            |    71 |    21 ||    92
